 Dungeon Crawl Stone Soup version 0.30.1-4-g462c640d31 (webtiles) character file.

Game seed: 13218184582724063723

186 anacleto the Magician (level 5, -22/24 HPs)
             Began as a Spriggan Venom Mage on Aug 19, 2023.
             Killed from afar by Ijyb (24 damage)
             ... with a bolt of acid
             ... on level 4 of the Dungeon.
             The game lasted 00:11:18 (3935 turns).

anacleto the Magician (Spriggan Venom Mage)         Turns: 3935, Time: 00:11:19

Health: -22/24     AC: -2    Str:  4    XL:     5   Next: 38%
Magic:  12/12      EV: 17    Int: 19    God:
Gold:   239        SH:  0    Dex: 15    Spells: 2/12 levels left

rFire   . . .        l - +0 dagger (drain)
rCold   . . .        (no shield)
rNeg    . . .        a - +0 robe
rPois   .            (helmet restricted)
rElec   .            (no cloak)
rCorr   .            (gloves unavailable)
SInv    +            (boots unavailable)
Will    .....        (no amulet)
Stlth   ++           (no ring)
HPRegen 0.24/turn    (no ring)
MPRegen 0.13/turn

%: no passive effects
@: corroded, very slightly contaminated, very quick
A: very small, no large weapons, unfitting armour, see invisible, speed 3
a: no special abilities


You were on level 4 of the Dungeon.
You visited 1 branch of the dungeon, and saw 4 of its levels.

You collected 239 gold pieces.

Inventory:

Hand Weapons
 l - a +0 dagger of draining (weapon)
Missiles
 j - 29 stones
 r - 9 poisoned darts
Armour
 a - a +0 robe (worn)
Magical Staves
 k - a staff of fire
Wands
 i - a wand of mindburst (9)
 u - a wand of polymorph (7)
Scrolls
 c - a scroll of noise
 f - a scroll of teleportation
 h - a scroll of fog
 m - a scroll of immolation
 n - a scroll of fear {unknown}
 p - a scroll of enchant weapon {unknown}
 q - a scroll of amnesia {unknown}
 s - a scroll of magic mapping {unknown}
 t - a scroll of vulnerability {unknown}
 v - a scroll of butterflies {unknown}
Potions
 b - a potion of magic
 d - a potion of lignification {unknown}
 e - a potion of ambrosia
 g - a potion of degeneration {unknown}
 o - a potion of invisibility {unknown}


   Skills:
 - Level 2.6 Dodging
 - Level 3.0 Stealth
 + Level 4.2 Spellcasting
 + Level 3.7 Transmutations
 + Level 1.9 Air Magic
 + Level 4.0 Poison Magic


You had 2 spell levels left.
You knew the following spells:

 Your Spells              Type           Power      Damage    Failure   Level
a - Sting                 Tmut/Pois      72%        1d6       2%          1
b - Poisonous Vapours     Pois/Air       30%        N/A       6%          2
c - Mephitic Cloud        Conj/Pois/Air  11%        N/A       19%         3
d - Olgreb's Toxic Radia  Pois           19%        N/A       26%         4

Your spell library contained the following spells:

 Spells                   Type           Power      Damage    Failure   Level
 Frozen Ramparts          Ice            6%         1d1       38%         3
 Ice Form                 Ice/Tmut       11%        N/A       52%         4
 Summon Ice Beast         Ice/Summ       3%         N/A       80%         4


Dungeon Overview and Level Annotations

Branches:
Dungeon (4/15)
 Temple: D:4-7

Altars:
Gozag
Zin

Annotations:
D:2 1 runed translucent door, Crazy Yiuf
D:4 Ijyb


Innate Abilities, Weirdness & Mutations

You are very small and have problems with some larger weapons.
You are too small for most types of armour.
You have supernaturally acute eyesight. (SInv)
You cover ground extremely quickly. (Speed+++)


Message History

Confirm with . or Enter, or press ? or * to list all spells.
Aiming: Poisonous Vapours (safe; 6% risk of failure)
Press: ? - help, Dir - move target, f/p - Ijyb
Aim: Ijyb, wielding a +0 club, wearing a +0 leather armour and carrying a wand of acid (4) (moderately wounded, very poisoned, heavily drained) Poisonous vapours surround Ijyb!
Ijyb looks even sicker.
Ijyb hits you with a +0 club.
* * * LOW HITPOINT WARNING * * *
Casting: Poisonous Vapours (safe; 6% risk of failure)
Confirm with . or Enter, or press ? or * to list all spells.
Aiming: Sting (safe; 2% risk of failure)
Press: ? - help, Shift-Dir - straight line, f/p - Ijyb
Aim: Ijyb, wielding a +0 club, wearing a +0 leather armour and carrying a wand of acid (4) (heavily wounded, very poisoned, heavily drained, 67% to hit)
You miscast Sting.
You are very lightly contaminated with residual magic.
Nothing appears to happen.
Ijyb zaps a wand.
The bolt of acid misses you.
Casting: Sting (safe; 2% risk of failure)
Confirm with . or Enter, or press ? or * to list all spells.
Aiming: Sting (safe; 2% risk of failure)
Press: ? - help, Shift-Dir - straight line, f/p - Ijyb
Aim: Ijyb, wielding a +0 club, wearing a +0 leather armour and carrying a wand of acid (3) (heavily wounded, very poisoned, heavily drained, 67% to hit)
The sting hits Ijyb.
Ijyb looks as sick as possible!
Ijyb is severely wounded.
Ijyb hits you with a +0 club.
* * * LOW HITPOINT WARNING * * *
You are confused.
You feel invigorated. Ijyb closely misses you.
You bump into the rock wall.
Ijyb barely misses you.
You bump into the rock wall.
You feel less invigorated.
You feel less confused. Ijyb hits you with a +0 club.
You closely miss Ijyb.
Ijyb is almost dead.
Ijyb zaps a wand.
The bolt of acid hits you!
Ouch! That really hurt!
* * * LOW HITPOINT WARNING * * *
You hit Ijyb but do no damage. You drain Ijyb.
Ijyb is almost dead.
Ijyb zaps a wand.
The bolt of acid hits you!!
Ouch! That really hurt!
You die...

...# ...# #♣#♣#♣ #..#
...... #..# #♣#♣#♣#♣#
#..# #### .## #.###..#
#.. ..## #..##..# #.# .#
...####......###.###....
...+..........>.........
...####...#.####@###...
..## ###.##.# #g# .##
#...##.# #..
######......# ##..
.........##.# ###
######..###.# # #..# #..
######..# ....##..#


You could see Ijyb (very poisoned, very drained).

Vanquished Creatures
  A hound (D:3)
  2 orc wizards (D:3)
  An iguana (D:4)
  2 adders
  A dart slug (D:1)
  5 orcs (D:3)
  5 ball pythons
  5 endoplasms
  2 giant cockroaches (D:2)
  3 goblins
  8 hobgoblins
  4 quokkas
  2 bats
  4 frilled lizards
  6 kobolds
  4 rats
55 creatures vanquished.

Notes
Turn   | Place    | Note
-------+----------+-------------------------------------------
     0 | D:1      | anacleto the Spriggan Venom Mage began the quest for the
                  | Orb.
     0 | D:1      | Reached XP level 1. HP: 9/9 MP: 5/5
   583 | D:1      | Reached XP level 2. HP: 10/13 MP: 4/7
   613 | D:1      | Learned a level 2 spell: Poisonous Vapours
  1499 | D:2      | Found a runed translucent door.
  1500 | D:2      | Noticed Crazy Yiuf
  1721 | D:2      | Reached XP level 3. HP: 13/16 MP: 0/8
  1725 | D:2      | Learned a level 3 spell: Mephitic Cloud
  2756 | D:3      | Reached skill level 1 in Air Magic
  3130 | D:3      | Reached XP level 4. HP: 6/21 MP: 4/10
  3199 | D:3      | Learned a level 4 spell: Olgreb's Toxic Radiance
  3493 | D:3      | Found an opulent altar of Gozag.
  3575 | D:3      | Reached XP level 5. HP: 22/24 MP: 8/12
  3819 | D:4      | Found a glowing silver altar of Zin.
  3920 | D:4      | Noticed Ijyb
  3935 | D:4      | Killed from afar by Ijyb

Illustrated notes

Levels and vault maps discovered:
D:1:      roderic_crop_circles_arrival_small, layout_loops_corners
D:2:      layout_loops_cross, kennysheep_boxes, uniq_crazy_yiuf_cottage
D:3:      layout_loops_ring, lemuel_crystal_altar
D:4:      cheibrodos_pilgrimage, layout_loops_corners,
          gammafunk_temple_overflow_elements, mainiacjoe_overflow_brackets,
          temple_pool_b, serial_forest, infiniplex_forest_corner_1,
          infiniplex_forest_clump_curved, infiniplex_forest_lined_2,
          infiniplex_forest_straight_5, infiniplex_forest_corner_2,
          infiniplex_forest_lined_3, infiniplex_forest_lined_ring,
          infiniplex_forest_join, uniq_ijyb

Skill      XL: |  1  2  3  4 |
---------------+-------------+-----
Spellcasting   | 3 4 |  4.2
Transmutations | 2 3 |  3.7
Air Magic      | 1 |  1.9
Poison Magic   | 4 |  4.0
Dodging        | |  2.6
Stealth        | |  3.0

Action                     |  1- 3 |  4- 6 || total
---------------------------+-------+-------++-------
  Melee: Staff             |     4 |       ||     4
         Dagger            |    32 |    32 ||    64
         Punch             |     1 |       ||     1
   Cast: Sting             |    32 |    17 ||    49
         Poisonous Vapours |    23 |     4 ||    27
         Olgreb's Toxic Ra |       |     1 ||     1
    Use: Scroll            |     4 |     1 ||     5
         Potion            |       |     1 ||     1
 Armour: Robe              |     4 |     2 ||     6
  Dodge: Dodged            |    35 |    26 ||    61
